 Dungeon Crawl Stone Soup version 0.20.0-1-g1cb1d84 (webtiles) character file.

829 MDvedh the Basher (level 7, 0/41 HPs)
             Began as a Gargoyle Fighter on May 26, 2017.
             Was an Initiate of Okawaru.
             Splashed by a jelly's acid (6 damage)
             ... on level 5 of the Dungeon.
             The game lasted 00:08:02 (3854 turns).

MDvedh the Basher (Gargoyle Fighter)                Turns: 3854, Time: 00:08:05

Health: 0/41       AC: 11    Str: 22    XL:     7   Next: 97%
Magic:  7/7        EV:  7    Int:  9    God:    Okawaru [......]
Gold:   174        SH:  8    Dex: 11    Spells: 6/6 levels left

rFire    . . .     SeeInvis .   a - +1 flail
rCold    + . .     Gourm    .   c - +0 shield
rNeg     + . .     Faith    .   r - +2 scale mail {rC+}
rPois    ∞         Spirit   .   (no helmet)
rElec    +         Reflect  .   h - +0 cloak
rCorr    .         Harm     .   (no gloves)
MR       .....                  m - +0 pair of boots
Stlth    ..........             (no amulet)
Regen    0.2/turn               t - +3 ring of strength
MPRegen  0.1/turn               (no ring)

@: corroded, heavily drained
A: negative energy resistance 1, electricity resistance, unbreathing,
petrification resistance, rot immunity, AC +4
a: Renounce Religion


You were on level 5 of the Dungeon.
You worshipped Okawaru.
Okawaru was noncommittal.
You were very hungry.

You visited 2 branches of the dungeon, and saw 6 of its levels.

You collected 174 gold pieces.

Inventory:

Hand Weapons
 a - a +1 flail (weapon)
Armour
 c - a +0 shield (worn)
 h - a +0 cloak (worn)
 m - a +0 pair of boots (worn)
 r - a +2 scale mail of cold resistance (worn)
Jewellery
 j - an uncursed amulet of harm
 t - a +3 ring of strength (left hand)
Scrolls
 b - a scroll of amnesia
 d - a scroll of teleportation
 e - 2 scrolls of magic mapping
 g - 3 scrolls of recharging
 k - 2 scrolls of blinking
 o - a scroll of remove curse
 s - 3 scrolls of identify
 u - a scroll of fear
Potions
 n - 3 potions of brilliance
 q - a potion of berserk rage {unknown}
 v - 2 potions of agility {unknown}
 w - a potion of heal wounds {unknown}
 x - a potion of lignification {unknown}
 z - a potion of ambrosia {unknown}
 A - 2 potions of curing
 B - a potion of mutation {unknown}
Comestibles
 f - 4 bread rations
 l - 3 meat rations
 p - a royal jelly
 C - 2 fruits


   Skills:
 - Level 3.2(1.6) Fighting
 + Level 8.9(7.0) Maces & Flails
 - Level 3.2(1.6) Armour
 - Level 3.2(1.6) Shields


You had 6 spell levels left.
You didn't know any spells.

Dungeon Overview and Level Annotations

Branches:
Dungeon (5/15)             Temple (1/1) D:5

Altars:
Ashenzari
Dithmenos
Elyvilon
Hepliaklqana
Kikubaaqudgha
Nemelex Xobeh
Okawaru
Qazlal
Sif Muna
Trog
Uskayaw
Vehumet
Xom
Yredelemnul
Zin


Innate Abilities, Weirdness & Mutations

You are resistant to torment.
Your stone body is resilient. (AC +4)
You are immune to poison.
You resist negative energy. (rN+)
You are resistant to electric shocks. (rElec)
You can survive without breathing.
You are immune to petrification.
You are immune to rotting.


Message History

an arrow; a mace; a robe; a dagger You are feeling very hungry.
The jelly hits you.
You are splashed with acid!
The acid burns!
* * * LOW HITPOINT WARNING * * *
There is an open door here.
Okay, then.
Items here: ( )) [ ÷ a club; a +0 scale mail; 2 tomahawks; an enchanted mace; an orc skeleton
There is a stone staircase leading up here.
You hit the jelly but do no damage.
Your hands burn!
* * * LOW HITPOINT WARNING * * *
The jelly is lightly wounded.
The jelly hits you but does no damage.
You sock the jelly! The acid corrodes you!
Your hands burn!
* * * LOW HITPOINT WARNING * * *
The jelly is severely wounded.
The jelly barely misses you. The jelly hits you.
* * * LOW HITPOINT WARNING * * *
You are splashed with acid!
The acid burns!
You die...

.................#,*
################.#,*
#.#,* #.#,******
#.#,,,,,,*
#.#*****,*
#.#,,,<*,*
#J#,,,,,,*
#@#*****,* ### ***


You could see a jelly.

Vanquished Creatures
  A phantom (D:5)
  An ogre (D:4)
  2 centaurs
  A howler monkey (D:5)
  2 hounds
  3 orc wizards
  2 orc priests (D:4)
  3 worker ants
  A howler monkey skeleton (D:3)
  6 adders
  An ooze (D:2)
  4 worms
  A dart slug (D:3)
  6 leopard geckos
  19 orcs
  3 bats
  3 giant cockroaches
  7 goblins
  9 hobgoblins
  4 jackals
  A quokka (D:5)
  6 frilled lizards
  7 kobolds
  A leopard gecko skeleton (D:4)
  A leopard gecko zombie (D:5)
  8 rats
103 creatures vanquished.

Notes
Turn   | Place    | Note
-------+----------+-------------------------------------------
     0 | D:1      | MDvedh the Gargoyle Fighter began the quest for the Orb.
     0 | D:1      | Reached XP level 1. HP: 14/14 MP: 1/1
   220 | D:1      | Reached XP level 2. HP: 16/19 MP: 2/2
   319 | D:1      | Reached skill level 3 in Maces & Flails
   468 | D:2      | Reached XP level 3. HP: 15/23 MP: 3/3
   670 | D:2      | Reached skill level 4 in Maces & Flails
   724 | D:2      | Reached XP level 4. HP: 26/28 MP: 4/4
  1490 | D:3      | Noticed a centaur
  1509 | D:3      | Killed a centaur
  1509 | D:3      | Reached skill level 5 in Maces & Flails
  1509 | D:3      | Reached XP level 5. HP: 6/32 MP: 5/5
  2136 | D:3      | Reached skill level 6 in Maces & Flails
  2136 | D:3      | Reached XP level 6. HP: 26/37 MP: 6/6
  2580 | D:4      | Reached skill level 7 in Maces & Flails
  2634 | D:4      | Reached XP level 7. HP: 27/41 MP: 7/7
  2842 | D:5      | Entered Level 5 of the Dungeon
  2913 | D:5      | Reached skill level 8 in Maces & Flails
  3341 | D:5      | Found a staircase to the Ecumenical Temple.
  3384 | Temple   | Entered the Ecumenical Temple
  3660 | Temple   | Became a worshipper of Warmaster Okawaru
  3854 | D:5      | Splashed by a jelly's acid

Skill      XL: |  1  2  3  4  5  6  7 |
---------------+----------------------+-----
Maces & Flails | 3 4 5 6 7 8 |  8.9
Fighting       | |  3.2
Armour         | |  3.2
Shields        | |  3.2

Action                   |  1- 3 |  4- 6 |  7- 9 || total
-------------------------+-------+-------+-------++-------
Melee: Flail             |   114 |   187 |   116 ||   417
  Use: Potion            |       |     1 |       ||     1
       Scroll            |       |       |    13 ||    13
  Eat: Chunk             |       |     6 |     3 ||     9
Armor: Scale mail        |    56 |    82 |    80 ||   218
Dodge: Dodged            |    42 |    44 |    43 ||   129
Block: Shield            |    71 |    91 |    78 ||   240
